AoeStats
← Heli Jacob

Arena

510604776Analyzed
4v4 RM · 23h ago on Oct 1, 2026· 50m 17s· 8 players
Game mode
Random Map
Map size
Large (8 player)
Population
200
Speed
Normal
Resources
Standard
Victory
Conquest
Starting age
Dark Age
Ending age
Imperial Age
RankedLock teamsTeams togetherTeam positionsShared explorationLock speedFull tech treeHidden civsTurbo modeCheats
Victory
Defeat
🇪🇸 Italians · Spain
810
+15
🇴🇲 Saracens · Oman
798
+16
🇪🇸 Persians · Spain
797
+16
🇪🇸 Persians · Spain
745
+18
🇿🇦 Byzantines · South Africa
888
-19
🇷🇺 Burgundians · Russia
784
-16
🇸🇪 Poles · Sweden
760
-15
🇹🇷 Goths · Türkiye
751
-15
fransl33
11:41 Feudal Age
15:37 Castle Age
13:30 Double-Bit Axe
13:29 Horse Collar
14:55 Gold Mining
16:43 Bow Saw
16:47 Heavy Plow
24:06 Imperial Age
22:39 Stone Mining
23:32 Padded Archer Armor
24:16 Stone Shaft Mining
25:54 Chemistry
27:55 Leather Archer Armor
28:59 Loom
29:50 Wheelbarrow
29:01 Town Watch
31:09 Conscription
35:01 Hand Cart
35:18 Pirotechnia
35:37 Town Patrol
37:18 Hoardings
48:37 Ring Archer Armor
48:09 Scale Mail Armor
49:41 Squires
49:27 Arson
50:14 Chain Mail Armor
50:09 Forging
kenyi.yoshino
12:01 Feudal Age
12:27 Double-Bit Axe
12:32 Horse Collar
14:32 Gold Mining
17:30 Wheelbarrow
19:32 Castle Age
19:37 Stone Mining
20:50 Wheelbarrow
21:30 Stone Shaft Mining
21:24 Bow Saw
21:15 Fletching
21:26 Padded Archer Armor
22:11 Heavy Plow
21:35 Crossbowman
24:16 Gold Shaft Mining
24:20 Bodkin Arrow
25:56 Hand Cart
26:36 Leather Archer Armor
28:06 Kamandaran
29:29 Ballistics
29:19 Thumb Ring
35:19 Imperial Age
36:35 Caravan
35:59 Elite War Elephant
37:53 Chemistry
37:28 Ring Archer Armor
40:07 Murder Holes
Naruto
4:22 Loom
12:53 Feudal Age
16:44 Castle Age
15:02 Double-Bit Axe
15:00 Horse Collar
18:03 Wheelbarrow
19:16 Bow Saw
19:14 Heavy Plow
24:53 Gold Mining
29:16 Imperial Age
27:13 Hand Cart
27:09 Stone Mining
28:28 Gold Shaft Mining
28:15 Forging
29:59 Scale Barding Armor
30:30 Iron Casting
30:51 Onager
32:25 Conscription
31:26 Elite Mameluke
32:17 Bimaristan
32:18 Counterweights
33:31 Siege Engineers
34:26 Chemistry
33:47 Ballistics
33:51 Chain Barding Armor
34:32 Blast Furnace
35:18 Plate Barding Armor
35:46 Two-Man Saw
35:28 Caravan
37:00 Bloodlines
39:22 Capped Ram
45:11 Siege Ram
gemmacr96
10:47 Feudal Age
15:30 Castle Age
14:57 Double-Bit Axe
15:12 Horse Collar
16:12 Bow Saw
16:17 Heavy Plow
17:57 Loom
18:23 Heavy Plow
18:53 Husbandry
18:52 Gold Mining
19:06 Town Watch
19:47 Stone Mining
26:15 Wheelbarrow
26:00 Scale Barding Armor
26:05 Forging
26:12 Forging
27:28 Wheelbarrow
26:53 Town Patrol
29:32 Chain Barding Armor
29:47 Iron Casting
30:03 Caravan
30:24 Hand Cart
34:16 Imperial Age
34:45 Cavalier
36:08 Plate Barding Armor
36:33 Blast Furnace
37:24 Gold Shaft Mining
37:27 Stone Shaft Mining
39:44 Savar
42:26 Heavy Camel Rider
46:55 Conscription
Gotha
11:18 Feudal Age
15:44 Castle Age
14:09 Horse Collar
14:17 Double-Bit Axe
15:51 Stone Mining
26:09 Wheelbarrow
26:12 Heavy Plow
26:11 Gold Mining
27:22 Forging
29:58 Imperial Age
27:45 Hand Cart
27:43 Scale Barding Armor
27:24 Treadmill Crane
29:17 Bloodlines
29:08 Husbandry
29:57 Chain Barding Armor
29:35 Murder Holes
29:45 Town Watch
32:33 Chemistry
31:45 Masonry
32:14 Iron Casting
31:33 Cavalier
33:17 Szlachta Privileges
33:38 Conscription
34:48 Blast Furnace
34:52 Lechitic Legacy
35:50 Elite Obuch
38:08 Town Patrol
37:54 Loom
41:15 Light Cavalry
41:58 Winged Hussar
43:14 Scale Mail Armor
43:16 Squires
43:01 Arson
49:13 Bombard Tower
49:16 Chain Mail Armor
A V A N G A R D
2:56 Loom
5:00 Wheelbarrow
11:09 Feudal Age
10:00 Double-Bit Axe
11:41 Horse Collar
12:14 Bow Saw
12:56 Heavy Plow
12:46 Town Watch
18:27 Stone Mining
20:47 Castle Age
19:02 Gold Mining
19:15 Man-at-Arms
22:30 Crop Rotation
22:32 Squires
24:05 Gold Shaft Mining
26:22 Hand Cart
28:05 Stone Shaft Mining
28:37 Two-Man Saw
28:27 Pikeman
30:24 Forging
30:15 Scale Mail Armor
30:19 Long Swordsman
32:17 Arson
32:57 Sanctity
33:33 Iron Casting
33:01 Padded Archer Armor
33:58 Treadmill Crane
34:29 Masonry
33:55 Cavalier
35:31 Fortified Wall
35:46 Burgundian Vineyards
39:45 Imperial Age
37:54 Town Patrol
39:05 Ballistics
40:40 Scale Barding Armor
40:51 Chain Mail Armor
41:15 Conscription
41:25 Husbandry
41:48 Fletching
42:42 Conscription
43:12 Flemish Revolution
Açi
4:26 Loom
12:53 Feudal Age
13:33 Double-Bit Axe
13:31 Horse Collar
13:47 Gold Mining
13:49 Stone Mining
15:08 Wheelbarrow
14:21 Town Watch
23:02 Castle Age
24:20 Bow Saw
25:38 Heavy Plow
27:51 Stone Shaft Mining
29:29 Treadmill Crane
31:12 Forging
31:02 Scale Mail Armor
32:00 Anarchy
33:48 Hand Cart
36:29 Imperial Age
34:34 Town Patrol
35:15 Iron Casting
35:51 Masonry
36:31 Squires
36:51 Chain Mail Armor
37:49 Perfusion
38:11 Conscription
38:54 Blast Furnace
38:27 Architecture
38:58 Chemistry
41:00 Crop Rotation
41:33 Two-Man Saw
42:52 Elite Huskarl
45:33 Scale Barding Armor
45:29 Padded Archer Armor
45:20 Fletching
45:53 Ballistics
46:24 Pikeman
47:10 Sappers
47:39 Halberdier
Heli Jacob
10:09 Feudal Age
10:34 Horse Collar
11:06 Double-Bit Axe
11:13 Loom
18:01 Castle Age
15:49 Loom
19:29 Wheelbarrow
18:59 Heavy Plow
19:41 Bow Saw
22:22 Gold Mining
22:24 Stone Mining
26:05 Imperial Age
24:18 Hand Cart
24:33 Squires
26:15 Husbandry
25:42 Pikeman
26:12 Arson
26:42 Forging
27:06 Scale Mail Armor
27:15 Loom
27:29 Halberdier
28:28 Chain Mail Armor
28:58 Iron Casting
30:34 Plate Mail Armor
30:51 Light Cavalry
31:52 Hussar
34:03 Crop Rotation
35:22 Onager
37:25 Logistica
39:59 Elite Varangian Guard
49:28 Scale Barding Armor
Connection lost

Rejoining the realm…

Still unreachable

The connection could not be restored.

Session expired

The server has moved on; the page needs a fresh start.